 Dungeon Crawl Stone Soup version 0.26-a0-652-gafc20e3620 (webtiles) character file.

Game seed: 5403445578022446702

144 looop the Skirmisher (level 5, 26/42 HPs)
             Began as a Demonspawn Fighter on Oct 2, 2020.
             Quit the game on level 3 of the Dungeon.
             The game lasted 00:02:24 (1832 turns).

looop the Skirmisher (Demonspawn Fighter)           Turns: 1832, Time: 00:02:25

Health: 26/42      AC:  9    Str: 18    XL:     5   Next: 5%
Magic:  5/5        EV:  7    Int: 11    God:
Gold:   146        SH:  8    Dex: 12    Spells: 4/4 levels left

rFire    . . .     SeeInvis .   a - +0 trident
rCold    . . .     Faith    .   c - +0 kite shield
rNeg     . . .     Spirit   .   b - +0 scale mail
rPois    .         Reflect  .   k - +1 helmet
rElec    .         Harm     .   (no cloak)
rCorr    .         Rampage  .   f - +0 pair of gloves
MR       .....                  (no boots)
Stlth    ..........             (no amulet)
HPRegen  0.14/turn              (no ring)
MPRegen  0.09/turn              (no ring)

@: no status effects
A: claws 1, powered by death 1, big brain 1
a: no special abilities


You were on level 3 of the Dungeon.
You visited 1 branch of the dungeon, and saw 3 of its levels.

You collected 146 gold pieces.

Inventory:

Hand Weapons
 a - a +0 trident (weapon)
Missiles
 e - 11 poisoned darts (quivered)
Armour
 b - a +0 scale mail (worn)
 c - a +0 kite shield (worn)
 f - a +0 pair of gloves (worn)
 k - a +1 helmet (worn)
Scrolls
 g - a scroll of remove curse {unknown}
 j - a scroll of blinking {unknown}
 l - a scroll of teleportation {unknown}
 m - a scroll of magic mapping {unknown}
Potions
 d - a potion of might
 h - a potion of flight {unknown}
 i - a potion of resistance {unknown}


   Skills:
 + Level 4.1 Fighting
 * Level 4.1 Polearms
 - Level 2.6 Armour
 - Level 2.6 Shields


You had 4 spell levels left.
You didn't know any spells.
Your spell library was empty.

Dungeon Overview and Level Annotations

Branches:
Dungeon (3/15)

Altars:
Cheibriados
Kikubaaqudgha
Nemelex Xobeh
Wu Jian


Innate Abilities, Weirdness & Mutations

You have sharp fingernails.
You regenerate a little health from kills.
You have an unusually large brain. (Int +2)


Message History

Natasha claws you. Natasha barely misses you.
You are too injured to fight recklessly!
You are too injured to fight recklessly!
You are too injured to fight recklessly!
You are too injured to fight recklessly!
You are too injured to fight recklessly!
You are too injured to fight recklessly!
You are too injured to fight recklessly!
You hit Natasha.
You kill Natasha!
Natasha screams in fury as she dies!
Your Polearms skill increases to level 4!
You have reached level 5!
Your demonic ancestry asserts itself...
Your fingernails lengthen.
Drop what? 13/52 slots (_ for help) (? for menu, Esc to quit)
Okay, then.
Welcome back, looop the Demonspawn Fighter.
Press ? for a list of commands and other information.
Are you sure you want to abandon this character and quit the game? (Confirm with "yes".)

.. ..
##.###.#
####
............
.....#...##
#......>...
#........#
#..!...#.#
#..@.....#
#.....####
#...$....
#...#.####
#..#... #..
.... #.# #
### #.


There were no monsters in sight!

Vanquished Creatures
  Natasha (D:3)
  Terence (D:2)
  2 adders (D:2)
  An ufetubus (D:2)
  2 oozes (D:1)
  A worm (D:2)
  3 dart slugs (D:1)
  A leopard gecko (D:2)
  7 bats
  A giant cockroach (D:1)
  6 goblins
  6 hobgoblins
  4 jackals (D:2)
  3 kobolds (D:2)
  3 ball pythons
  5 frilled lizards
  7 rats
54 creatures vanquished.

Vanquished Creatures (others)
  3 withered plants (D:2)
3 creatures vanquished.

Grand Total: 57 creatures vanquished

Notes
Turn   | Place    | Note
-------+----------+-------------------------------------------
     0 | D:1      | looop the Demonspawn Fighter began the quest for the Orb.
     0 | D:1      | Reached XP level 1. HP: 18/18 MP: 1/1
    37 | D:1      | Gained mutation: You regenerate a little health from kills.
                  | [demonic ancestry]
    37 | D:1      | Reached XP level 2. HP: 23/24 MP: 2/2
   423 | D:1      | Reached XP level 3. HP: 29/29 MP: 3/3
   880 | D:2      | Found an ancient bone altar of Kikubaaqudgha.
  1099 | D:2      | Gained mutation: You have an unusually large brain. (Int
                  | +2) [demonic ancestry]
  1099 | D:2      | Reached XP level 4. HP: 24/37 MP: 4/4
  1231 | D:2      | Found a snail-covered altar of Cheibriados.
  1232 | D:2      | Found a sparkling altar of Nemelex Xobeh.
  1349 | D:2      | Noticed Terence
  1359 | D:2      | Killed Terence
  1480 | D:2      | Found an ornate altar of the Wu Jian Council.
  1666 | D:3      | Noticed Natasha
  1831 | D:3      | Killed Natasha
  1831 | D:3      | Gained mutation: You have sharp fingernails. [demonic
                  | ancestry]
  1831 | D:3      | Reached XP level 5. HP: 26/42 MP: 5/5
  1832 | D:3      | Quit the game

Illustrated notes

Levels and vault maps discovered:
D:1:      tarquinn_simple_flora_water_f, layout_loops_corners, solitary_fountain
D:2:      layout_loops_ring, kiku_gazebo_garden_becter, lemuel_crystal_altar,
          chequers_temple_overflow_statue_of_worship, uniq_terence
D:3:      layout_basic, uniq_natasha

Skill      XL: |  1  2  3  4 |
---------------+-------------+-----
Polearms       | 2 3 4 |  4.1
Fighting       | 4 |  4.1
Armour         | |  2.6
Shields        | |  2.6

Action                   |  1- 3 |  4- 6 || total
-------------------------+-------+-------++-------
Melee: Trident           |   137 |    77 ||   214
Armor: Scale mail        |    56 |    43 ||    99
Dodge: Dodged            |    26 |    29 ||    55
Block: Kite shield       |    57 |    39 ||    96

Table legend: (Time is in decaauts)
 A = Elapsed time spent in this place.
 B = Non-inter-level travel time spent in this place.
 C = Inter-level travel time spent in this place.
 D = Time resting spent in this place.
 E = Time spent auto-exploring this place.
 F = Levels seen in this place.
 G = Mean time per level.
                   A        B        C        D        E       F      G
               +--------+--------+--------+--------+--------+-----+--------+
         Total |   1880 |   1821 |     59 |    140 |   1251 |   3 |  626.7 |
       Dungeon |   1880 |   1821 |     59 |    140 |   1251 |   3 |  626.7 |
               +--------+--------+--------+--------+--------+-----+--------+

Top non-repeatable levels by time:
     D:2: 1083 daAuts
     D:1: 776 daAuts
     D:3: 20 daAuts
